 Dungeon Crawl Stone Soup version 0.27-a0-249-g74f53ef629 (webtiles) character file.

Game seed: 15039400778821874166

3773 dolemite99 the Cleaver (level 9, -5/72 HPs)
             Began as a Demonspawn Gladiator on Feb 4, 2021.
             Was a Follower of Makhleb.
             Slain by a sixfirhy (11 damage)
             ... summoned by an orc high priest
             ... in a bailey.
             The game lasted 00:15:08 (12613 turns).

dolemite99 the Cleaver (Demonspawn Gladiator)      Turns: 12613, Time: 00:15:09

Health: -5/72      AC: 20    Str: 18    XL:     9   Next: 94%
Magic:  9/9        EV: 12    Int:  9    God:    Makhleb [*.....]
Gold:   788        SH:  0    Dex: 15    Spells: 8/8 levels left

rFire    . . .     SeeInvis .   a - +1 war axe
rCold    . . .     Faith    .   (no shield)
rNeg     . . .     Spirit   .   y - +1 chain mail
rPois    +         Reflect  .   c - +2 helmet
rElec    .         Harm     .   h - +2 cloak
rCorr    .         Rampage  .   (no gloves)
Will     .....                  (no boots)
Stlth    ..........             (no amulet)
HPRegen  0.22/turn              i - ring of poison resistance
MPRegen  0.11/turn              p - +4 ring of evasion

@: no status effects
A: talons 2, thin metallic scales 2
a: Renounce Religion


You were in a bailey.
You worshipped Makhleb.
Makhleb was aware of your devotion.
You visited 1 branch of the dungeon, and saw 8 of its levels.
You also visited: Bailey.

You collected 841 gold pieces.
You spent 53 gold pieces at shops.

Inventory:

Hand Weapons
 a - a +1 war axe (weapon)
 t - a +1 dagger of flaming
 v - a +1 flail of protection
 w - a +2 dagger of draining
 J - a +3 vorpal long sword
Missiles
 e - 277 stones
 o - 44 sling bullets
 r - 7 atropa-tipped darts (quivered)
 x - 56 arrows
 I - 18 poisoned darts
Armour
 b - a +0 leather armour
 c - a +2 helmet (worn)
 h - a +2 cloak (worn)
 k - a +0 ring mail
 m - a +0 robe
 y - a +1 chain mail (worn)
 H - a +0 pair of gloves
Jewellery
 i - a ring of poison resistance (left hand)
 l - an uncursed ring of fire
 p - a +4 ring of evasion (right hand)
 u - an uncursed ring of stealth
 D - an uncursed ring of ice
 G - a cursed -4 ring of evasion
Wands
 C - a wand of polymorph (8)
Scrolls
 d - a scroll of blinking
 f - a scroll of summoning {unknown}
 g - a scroll of holy word {unknown}
 q - a scroll of immolation {unknown}
 A - 4 scrolls of remove curse {@r2}
 B - a scroll of magic mapping
Potions
 j - 3 potions of resistance
 n - a potion of degeneration {unknown}
 s - a potion of berserk rage {unknown}
 z - a potion of might
 E - a potion of lignification {unknown}
 F - a potion of mutation {unknown}
 K - a potion of brilliance {unknown}
 L - a potion of magic {unknown}


   Skills:
 + Level 7.0 Fighting
 * Level 10.1 Axes
 - Level 1.7 Throwing
 + Level 6.2 Armour
 - Level 2.6 Dodging


You had 8 spell levels left.
You didn't know any spells.
Your spell library contained the following spells:

 Spells                   Type           Power        Failure   Level
 Animate Skeleton         Necr           0%           99%         1
 Beastly Appendage        Tmut           0%           99%         1
 Foxfire                  Conj/Fire      0%           99%         1
 Pain                     Necr           0%           99%         1
 Wereblood                Tmut           0%           100%        2
 Conjure Flame            Conj/Fire      0%           100%        3
 Inner Flame              Hex/Fire       0%           100%        3
 Spider Form              Tmut/Pois      0%           100%        3
 Vampiric Draining        Necr           0%           100%        3
 Animate Dead             Necr           0%           100%        4
 Ice Form                 Ice/Tmut       0%           100%        4
 Sticky Flame             Conj/Fire      0%           100%        4
 Agony                    Necr           0%           100%        5
 Blade Hands              Tmut           0%           100%        5
 Fireball                 Conj/Fire      0%           100%        5


Dungeon Overview and Level Annotations

Branches:
Dungeon (8/15)             Temple (0/1) D:6          Bailey (1/1)
   Lair: D:8-11

Altars:
Dithmenos
Gozag
Makhleb
Ru
Sif Muna
Trog
Uskayaw
Vehumet
Wu Jian
The Shining One

Shops:
D:7 *

Annotations:
D:3 exclusion: door


Innate Abilities, Weirdness & Mutations

You have razor-sharp toenails.
You are mostly covered in thin metallic scales. (AC +3)


Message History

3 gnolls come into view.
The gnoll shouts! x2
The orc sorcerer mumbles some strange words.
The orc high priest prays to Beogh.
There is a large open door here.
There is an open gate here.
The orc high priest starts to sing a prayer.
The sixfirhy hits you! The sixfirhy shocks you!
The sixfirhy hits you but does no damage.
The sixfirhy hits you! The sixfirhy shocks you!
The sixfirhy closely misses you. The sixfirhy hits you.
The sixfirhy shocks you! The sixfirhy barely misses you.
The sixfirhy closely misses you. The sixfirhy closely misses you.
The sixfirhy hits you. The sixfirhy shocks you!
* * * LOW HITPOINT WARNING * * *
The sixfirhy hits you!
* * * LOW HITPOINT WARNING * * *
The sixfirhy shocks you!
You die...

≈≈≈≈≈≈...≈≈≈≈≈≈≈≈
≈≈≈≈≈≈.o.≈≈≈≈≈≈≈≈
≈≈≈≈≈≈.o.≈≈≈≈≈≈≈≈
≈≈≈≈≈≈...≈≈≈≈≈≈≈≈
≈≈≈.........≈≈≈≈≈
####.......#####
#.......#
#...3...#
#...@...#
#.......#
###...### #.∩.#
#####


You could see an orc high priest, a sixfirhy (summoned) and an orc.

Vanquished Creatures
  Pikel (D:7)
  A deep elf pyromancer (D:7)
  Prince Ribbit (D:6)
  A steam dragon (D:7)
  Menkaure (D:6)
  A sky beast (D:5)
  2 orc warriors
  2 ice beasts (D:6)
  4 ogres
  A centaur (D:6)
  A lemure (D:7)
  A phantom (D:4)
  Blork the orc (D:6)
  2 bullfrogs
  2 howler monkeys
  A centaur zombie (D:5)
  2 bullfrog skeletons
  A jelly (D:5)
  3 hounds
  Jessica (D:2)
  2 centaur skeletons
  2 iguanas
  9 orc wizards
  6 worker ants
  2 worker ant zombies
  8 gnolls
  10 adders
  2 howler monkey skeletons
  3 shadow imps
  A white imp (D:6)
  An ufetubus (D:5)
  An adder skeleton (D:4)
  7 worms
  2 dart slugs (D:1)
  5 leopard geckos
  24 orcs
  5 giant cockroaches
  8 goblins
  8 hobgoblins
  5 jackals
  7 kobolds
  7 quokkas
  12 bats
  5 frilled lizards
  A jackal skeleton (D:4)
  6 rats
179 creatures vanquished.

Vanquished Creatures (others)
  A water moccasin (D:7)
  A bullfrog (D:7)
2 creatures vanquished.

Grand Total: 181 creatures vanquished

Notes
Turn   | Place    | Note
-------+----------+-------------------------------------------
     0 | D:1      | dolemite99 the Demonspawn Gladiator began the quest for the
                  | Orb.
     0 | D:1      | Reached XP level 1. HP: 16/16 MP: 1/1
   216 | D:1      | Reached skill level 3 in Axes
   441 | D:1      | Gained mutation: You have sharp toenails. [demonic
                  | ancestry]
   441 | D:1      | Reached XP level 2. HP: 15/22 MP: 2/2
  1166 | D:2      | Gained mutation: You are partially covered in thin metallic
                  | scales. (AC +2) [demonic ancestry]
  1166 | D:2      | Reached XP level 3. HP: 19/27 MP: 3/3
  1178 | D:2      | Reached skill level 4 in Axes
  1598 | D:2      | Found a glowing golden altar of the Shining One.
  1724 | D:2      | Found a sacrificial altar of Ru.
  1737 | D:2      | Became a worshipper of Ru the Awakened
  2167 | D:2      | Gained mutation: You are mostly covered in thin metallic
                  | scales. (AC +3) [demonic ancestry]
  2167 | D:2      | Reached XP level 4. HP: 17/33 MP: 4/4
  2555 | D:2      | Found a burning altar of Makhleb.
  2609 | D:2      | Noticed Jessica
  2614 | D:2      | Killed Jessica
  2615 | D:2      | Reached skill level 5 in Axes
  3219 | D:3      | Reached XP level 5. HP: 25/38 MP: 5/5
  3633 | D:3      | Noticed a +0 hand axe
  3633 | D:3      | Noticed a +0 dagger
  3991 | D:3      | Found a hide-covered altar of Uskayaw.
  4014 | D:3      | Found a shimmering blue altar of Sif Muna.
  4823 | D:3      | Reached skill level 6 in Axes
  5631 | D:3      | Gained mutation: You have razor-sharp toenails. [demonic
                  | ancestry]
  5631 | D:3      | Reached XP level 6. HP: 35/41 MP: 6/6
  6405 | D:4      | Reached skill level 7 in Axes
  6442 | D:4      | Reached XP level 7. HP: 35/50 MP: 7/7
  6955 | D:5      | Entered Level 5 of the Dungeon
  7195 | D:5      | Found a radiant altar of Vehumet.
  7206 | D:5      | Reached skill level 8 in Axes
  8470 | D:5      | Found a shadowy altar of Dithmenos.
  8747 | D:4      | Reached skill level 9 in Axes
  8747 | D:4      | Reached XP level 8. HP: 56/56 MP: 8/8
  8799 | D:2      | Fell from the grace of Ru
  8799 | D:2      | Became a worshipper of Makhleb the Destroyer
  9291 | D:6      | Reached skill level 10 in Axes
  9455 | D:6      | Noticed Menkaure
  9460 | D:6      | Killed Menkaure
  9544 | D:6      | Noticed Blork the orc
  9551 | D:6      | Killed Blork the orc
  9656 | D:6      | Found a staircase to the Ecumenical Temple.
  9660 | D:6      | Noticed Prince Ribbit
  9674 | D:6      | Killed Prince Ribbit
  9675 | D:6      | Reached skill level 5 in Fighting
  9757 | D:6      | Reached XP level 9. HP: 66/68 MP: 9/9
  9799 | D:6      | Found a bloodstained altar of Trog.
 11176 | D:7      | Found an opulent altar of Gozag.
 11485 | D:7      | Noticed Pikel
 11488 | D:7      | Reached skill level 1 in Armour
 11499 | D:7      | Killed Pikel
 11542 | D:7      | Found an ornate altar of the Wu Jian Council.
 11680 | D:7      | Found Gitod's Assorted Antiques.
 11684 | D:7      | Bought a scroll labelled KYSHYZ OMILIGH for 28 gold pieces
 11684 | D:7      | Bought a metallic silvery potion for 25 gold pieces
 11705 | D:7      | Found a shadowy altar of Dithmenos.
 11705 | D:7      | Noticed a deep elf pyromancer
 11711 | D:7      | Killed a deep elf pyromancer
 11712 | D:7      | Reached skill level 5 in Armour
 11853 | D:7      | Found a glowing golden altar of the Shining One.
 12529 | D:8      | Found a flagged portal.
 12539 | Bailey   | Entered a bailey
 12560 | Bailey   | Reached * piety under Makhleb
 12594 | Bailey   | Found an iron altar of Okawaru.
 12594 | Bailey   | Noticed an orc high priest
 12594 | Bailey   | Noticed an orc sorcerer
 12601 | Bailey   | Noticed a sixfirhy
 12613 | Bailey   | Slain by a sixfirhy

Illustrated notes

Levels and vault maps discovered:
D:1:      ncdulo_watergridlock, layout_basic
D:2:      layout_loops_corners, nicolae_overflow_hidden_temple,
          lemuel_crystal_altar, kennysheep_another_room, tso_metal_star,
          uniq_jessica
D:3:      layout_basic, led_sif_book, dancing_weapons_uskayaw
D:4:      minmay_polygon_palace, layout_rooms, st_stairs_8, chequers_mini_garden
D:5:      layout_basic, lemuel_round_altar, kennysheep_little_box,
          hangedman_abyss_or_decor_jellyfish_corner, nicolae_sextant
D:6:      layout_rooms, general_overflow_altar, minmay_temple_entry_tees,
          uniq_blork_the_orc, uniq_menkaure, uniq_prince_ribbit1
D:7:      layout_basic, lemuel_doored_altar, nzn_wu_jian_contemplation,
          serial_shops, shop, basic_altar, david_defended_altar_elf, uniq_pikel
D:8:      layout_basic, grunt_temple_overflow_opulence, enter_bailey_4,
          minmay_large_rounded_square
Bailey:   bailey_axe_of_yendor_kennysheep, bailey

Skill      XL: |  1  2  3  4  5  6  7  8  9 |
---------------+----------------------------+-----
Axes           | 3 4 5 6 7 9 10 | 10.1
Fighting       | 5 7 |  7.0
Armour         | 6 |  6.2
Throwing       | |  1.7
Dodging        | |  2.6

Action                   |  1- 3 |  4- 6 |  7- 9 || total
-------------------------+-------+-------+-------++-------
Melee: War axe           |   138 |   143 |   307 ||   588
       Kick              |    22 |    48 |    96 ||   166
       Dagger            |       |    26 |       ||    26
Throw: Throwing net      |     3 |     2 |       ||     5
       Stone             |       |     3 |     9 ||    12
       Dart              |       |       |    23 ||    23
  Use: Scroll            |       |       |    15 ||    15
       Potion            |       |       |    10 ||    10
 Stab: Sleeping          |     2 |       |       ||     2
       Invisible         |       |       |     1 ||     1
Armor: Leather armour    |    41 |       |       ||    41
       Ring mail         |    30 |    69 |     4 ||   103
       Chain mail        |       |       |   165 ||   165
Dodge: Dodged            |    99 |   150 |   182 ||   431

Table legend: (Time is in decaauts)
 A = Elapsed time spent in this place.
 B = Non-inter-level travel time spent in this place.
 C = Inter-level travel time spent in this place.
 D = Time resting spent in this place.
 E = Time spent auto-exploring this place.
 F = Levels seen in this place.
 G = Mean time per level.
                   A        B        C        D        E       F      G
               +--------+--------+--------+--------+--------+-----+--------+
         Total |  12666 |  12341 |    325 |   6275 |   3983 |   9 | 1407.3 |
       Dungeon |  12592 |  12267 |    325 |   6253 |   3983 |   8 | 1574.0 |
        Bailey |     73 |     73 |      0 |     22 |      0 |   1 |   73.0 |
               +--------+--------+--------+--------+--------+-----+--------+

Top non-repeatable levels by time:
     D:3: 3097 daAuts
     D:2: 2087 daAuts
     D:5: 1791 daAuts
     D:7: 1781 daAuts
     D:6: 1392 daAuts
     D:4: 1227 daAuts
     D:1: 1136 daAuts
     D:8: 79 daAuts
  Bailey: 73 daAuts
